 Dungeon Crawl Stone Soup version 0.29.1-1-gd02db6906a (webtiles) character file.

Game seed: 8637228432535660624

500 hawla the Conjurer (level 6, -1/45 HPs)
             Began as a Draconian Conjurer on Oct 20, 2022.
             Was an Initiate of Vehumet.
             Slain by Pikel
             ... wielding a +0 whip of flaming
              (2 damage)
             ... on level 4 of the Dungeon.
             The game lasted 00:11:58 (5057 turns).

hawla the Conjurer (Draconian Conjurer)             Turns: 5057, Time: 00:11:59

Health: -1/45      AC:  6    Str:  9    XL:     6   Next: 94%
Magic:  0/10       EV: 12    Int: 20    God:    Vehumet [......]
Gold:   23         SH:  0    Dex: 10    Spells: 3/10 levels left

rFire   . . .      SeeInvis .   (no weapon)
rCold   . . .      Faith    .   (no shield)
rNeg    . . .      Spirit   .   (body armour unavailable)
rPois   .          Reflect  .   (helmet restricted)
rElec   .          Harm     .   (no cloak)
rCorr   .          Rampage  .   (no gloves)
Will    .....                   (no boots)
Stlth   ++........              (no amulet)
HPRegen 0.15/turn               (no ring)
MPRegen 0.12/turn               (no ring)

@: no status effects
A: AC +6, unfitting armour, cold-blooded
a: Renounce Religion


You were on level 4 of the Dungeon.
You worshipped Vehumet.
Vehumet was noncommittal.
You visited 2 branches of the dungeon, and saw 6 of its levels.

You collected 201 gold pieces.
You spent 178 gold pieces at shops.

Inventory:

Hand Weapons
 n - the +10 flail "Mecin" {antimagic, Int+6}
   (You bought it in a shop on level 3 of the Dungeon)

   It reduces the magical energy of the wielder, and disrupts the spells and
   magical abilities of those it strikes.
   Natural abilities and divine invocations are not affected.
   Int:       It affects your intelligence (+6).
Jewellery
 g - a ring of resist corrosion
Wands
 i - a wand of acid (3)
 l - a wand of mindburst (12)
Scrolls
 o - a scroll of identify
Potions
 a - a potion of magic
 b - a potion of might {unknown}
 c - a potion of resistance
 d - 2 potions of brilliance
 e - a potion of invisibility {unknown}
 f - a potion of heal wounds
 h - a potion of flight
 j - a potion of degeneration {unknown}
 k - a potion of curing
 m - 2 potions of attraction {unknown}


   Skills:
 - Level 1.9 Dodging
 - Level 1.7 Stealth
 - Level 2.7 Spellcasting
 + Level 7.2 Conjurations
 * Level 3.1 Translocations


You had 3 spell levels left.
You knew the following spells:

 Your Spells              Type           Power      Damage    Failure   Level
a - Magic Dart            Conj           100%       1d8       1%          1
b - Searing Ray           Conj           62%        2d6       1%          2
c - Iskenderun's Mystic   Conj/Tloc      23%        2d6       17%         4

Your spell library contained the following spells:

 Spells                   Type           Power      Damage    Failure   Level
 Conjure Flame            Conj/Fire      17%        6-21      10%         3
 Dazzling Flash           Conj/Hex       34%        N/A       10%         3
 Gell's Gravitas          Tloc           15%        N/A       12%         3
 Lesser Beckoning         Tloc           15%        N/A       12%         3
 Teleport Other           Tloc           15%        N/A       12%         3
 Mephitic Cloud           Conj/Pois/Air  12%        N/A       16%         3
 Ignite Poison            Fire/Tmut/Pois 2%         N/A       41%         3
 Fulminant Prism          Conj/Hex       8%         3d7       32%         4
 Sticky Flame             Conj/Fire      17%        2d4       32%         4
 Freezing Cloud           Conj/Ice/Air   6%         6-21      83%         5


Dungeon Overview and Level Annotations

Branches:
Dungeon (5/15)             Temple (1/1) D:4

Altars:
Ashenzari
Cheibriados
Elyvilon
Fedhas
Hepliaklqana
Kikubaaqudgha
Makhleb
Nemelex Xobeh
Okawaru
Qazlal
Ru
Sif Muna
Trog
Uskayaw
Vehumet
Wu Jian
Xom
Yredelemnul
Zin
The Shining One

Shops:
D:3 (

Annotations:
D:4 Pikel


Innate Abilities, Weirdness & Mutations

Your plain brown scales are hard. (AC +6)
You cannot fit into any form of body armour.
You are cold-blooded and may be slowed by cold attacks.


Message History

The lemure barely misses you.
Casting: Searing Ray (safe; 1% risk of failure)
Confirm with . or Enter, or press ? or * to list all spells.
The spell is quite dangerous to miscast (17% risk of failure)!
Continue anyway?
You erupt in a blast of force!
The mystic blast hits Pikel.
Pikel is severely wounded.
Pikel is knocked back by the mystic blast.
The mystic blast hits the lemure!
The lemure is heavily wounded.
The lemure is knocked back by the mystic blast.
The lemure shouts!
You hear a shout!
The lemure attacks as you move away! The lemure hits you.
Casting: Iskenderun's Mystic Blast (quite dangerous; 17% risk of failure)
Confirm with . or Enter, or press ? or * to list all spells.
Aiming: Searing Ray (safe; 1% risk of failure)
Press: ? - help, Shift-Dir - straight line, f/p - Pikel
Aim: Pikel, wielding a +0 whip of flaming and wearing a +0 robe (severely wounded, 74% to hit)
The searing ray hits Pikel.
Pikel is severely wounded. (Press . to maintain the ray.) Pikel cracks his whip.
Pikel says, "You'll make a fine lemure."
Pikel cracks his whip.
Casting: Searing Ray (safe; 1% risk of failure)
Confirm with . or Enter, or press ? or * to list all spells.
Aiming: Magic Dart (safe; 1% risk of failure)
Press: ? - help, Shift-Dir - straight line, f/p - Pikel
Aim: Pikel, wielding a +0 whip of flaming and wearing a +0 robe (severely wounded, 100% to hit)
The magic dart hits Pikel.
Pikel is almost dead.
Pikel attacks as you move away!
Pikel hits you with a +0 whip of flaming.
* * * LOW HITPOINT WARNING * * *
Pikel burns you.
* * * LOW HITPOINT WARNING * * *
Pikel attacks as you move away!
Pikel hits you with a +0 whip of flaming!
* * * LOW HITPOINT WARNING * * *
Pikel burns you.
You die...

## ######## .# #......#######
.###...[..##....#############.#.
...K5.....''...................5
####......##....#############.#.
########################
.............55K@......##
######################..# ###
#######################.####..
#.......##.....##..........#.#
#........#.###.##.#####.##.#.#
#........#.#....#.# #..#.#.#
#........#.#.#..#.# ####.....##
.....#+#(#.#....#.# #.........#
####.#.#.#.####.#.# #.######..#


You could see Pikel and 2 lemures.

Vanquished Creatures
  A lemure (D:5)
  A scorpion (D:3)
  A jelly (D:4)
  3 iron imps (D:3)
  Natasha (thrice) (D:3)
  6 adders
  A worm (D:2)
  4 dart slugs
  2 orcs
  5 endoplasms
  2 giant cockroaches
  6 goblins
  8 hobgoblins
  9 kobolds
  2 quokkas
  4 ball pythons
  6 bats
  2 frilled lizards (D:3)
  8 rats
74 creatures vanquished.

Vanquished Creatures (collateral kills)
  An ogre (D:4)
  Ijyb (D:4)
  A worm (D:4)
  A quokka (D:4)
4 creatures vanquished.

Grand Total: 78 creatures vanquished

Notes
Turn   | Place    | Note
-------+----------+-------------------------------------------
     0 | D:1      | hawla the Draconian Conjurer began the quest for the Orb.
     0 | D:1      | Reached XP level 1. HP: 14/14 MP: 3/3
   187 | D:1      | Reached XP level 2. HP: 20/20 MP: 0/5
   242 | D:1      | Learned a level 2 spell: Searing Ray
   314 | D:1      | Found a faded altar of an unknown god.
  1130 | D:2      | Reached XP level 3. HP: 13/26 MP: 0/6
  1854 | D:2      | Reached skill level 5 in Conjurations
  2021 | D:2      | Reached XP level 4. HP: 33/33 MP: 4/8
  2026 | D:2      | Learned a level 4 spell: Iskenderun's Mystic Blast
  2637 | D:3      | Noticed a scorpion
  2642 | D:3      | Killed a scorpion
  2643 | D:3      | Reached skill level 1 in Translocations
  2643 | D:3      | Reached XP level 5. HP: 34/38 MP: 1/9
  2735 | D:3      | Found Haatupot's Antique Weapon Boutique.
  3030 | D:3      | Noticed Natasha
  3036 | D:3      | Killed Natasha
  3092 | D:3      | Reached skill level 6 in Conjurations
  3190 | D:3      | Found a burning altar of Makhleb.
  3306 | D:3      | Reached XP level 6. HP: 25/45 MP: 0/10
  3779 | D:3      | Noticed Natasha
  3785 | D:3      | Killed Natasha
  3811 | D:3      | Noticed Natasha
  3816 | D:3      | Killed Natasha
  4162 | D:4      | Found a snail-covered altar of Cheibriados.
  4350 | D:4      | Noticed Ijyb
  4360 | D:4      | Killed Ijyb
  4363 | D:4      | Reached skill level 7 in Conjurations
  4448 | D:4      | Found a glowing golden altar of the Shining One.
  4457 | D:4      | Found a staircase to the Ecumenical Temple.
  4476 | Temple   | Entered the Ecumenical Temple
  4517 | Temple   | Became a worshipper of Vehumet
  4738 | D:3      | Bought a slimy flail for 178 gold pieces
  4738 | D:3      | Identified the +10 flail "Mecin" {antimagic, Int+6} (You
                  | bought it in a shop on level 3 of the Dungeon)
  4933 | D:4      | Noticed Pikel
  4964 | D:5      | Entered Level 5 of the Dungeon
  5057 | D:4      | HP: 1/45 [Pikel/+0 whip of flaming (8)]
  5057 | D:4      | Slain by Pikel

Illustrated notes

Levels and vault maps discovered:
D:1:      amcnicky_arrival_single_pillar, layout_loops_cross,
          ebering_ecumenical_altar_mist, kennysheep_boxes
D:2:      layout_basic, kennysheep_small_spiral, st_stairs_7,
          kennysheep_cluttered_room
D:3:      layout_basic, demons_altar, serial_shops,
          nicolae_shop_advertising_works [nicolae_subvault_shop_adworks],
          uniq_natasha
D:4:      layout_basic, kennysheep_mini_moat, overflow_temple_1_default,
          minmay_temple_entry_sparse_star, uniq_ijyb, uniq_pikel
D:5:      layout_basic
Temple:   sentei_temple_godly_chess

Skill      XL: |  1  2  3  4  5  6 |
---------------+-------------------+-----
Conjurations   | 5 6 7 |  7.2
Translocations | 1 2 3 |  3.1
Dodging        | |  1.9
Stealth        | |  1.7
Spellcasting   | |  2.7

Action                   |  1- 3 |  4- 6 || total
-------------------------+-------+-------++-------
Melee: Unarmed           |     9 |     6 ||    15
       Tailslap          |     2 |     2 ||     4
       Flail             |       |    15 ||    15
       Punch             |       |     1 ||     1
 Cast: Magic Dart        |    41 |    26 ||    67
       Searing Ray       |    17 |    33 ||    50
       Iskenderun's Myst |       |     2 ||     2
  Use: Potion            |     4 |       ||     4
       Scroll            |     6 |     6 ||    12
Armor: Skin              |     6 |    15 ||    21
Dodge: Dodged            |     5 |    30 ||    35
